 Dungeon Crawl Stone Soup version 0.31.0-11-ge490571c62 (webtiles) character file.

Game seed: 13229276570260837418

945 puppykicker the Magician (level 7, 0/56 HPs)
             Began as an Armataur Hedge Wizard on Jan 26, 2024.
             Was an Elder of Jiyva.
             Slain by a water moccasin (4 damage)
             ... on level 5 of the Dungeon.
             The game lasted 00:10:07 (3168 turns).

puppykicker the Magician (Armataur Hedge Wizard)    Turns: 3168, Time: 00:10:08

Health: 0/56       AC:  6    Str: 21    XL:     7   Next: 89%
Magic:  13/13      EV: 10    Int: 16    God:    Jiyva [****..]
Gold:   204        SH:  0    Dex: 16    Spells: 6/14 levels left

rFire   . . .        a - +0 dagger (venom)
rCold   . . .        (no shield)
rNeg    . . .        k - +1 leather armour of Makhleb's Approval {Will+}
rPois   .            c - +0 hat
rElec   .            i - +0 cloak
rCorr   +            (no gloves)
SInv    .            (no barding)
Will    +....        (no amulet)
Stlth   ++           h - +6 ring of dexterity
HPRegen 1.57/turn    n - +6 ring of strength
MPRegen 0.77/turn

%: roll
@: lethally poisoned (0 -> -3), very slightly contaminated
A: large, deformed body, tough skin 3, armoured tail, roll 2, pseudopods 3,
sturdy frame 1
a: Renounce Religion, Oozemancy, Slimify


You were on level 5 of the Dungeon.
You worshipped Jiyva.
Jiyva was greatly pleased with you.
You visited 1 branch of the dungeon, and saw 5 of its levels.
You also visited: Sewer.

You collected 204 gold pieces.

Inventory:

Hand Weapons
 a - a +0 dagger of venom (weapon)
 b - a +0 whip
 u - a +2 dagger of speed
Missiles
 o - 2 boomerangs
 q - 4 javelins (quivered)
 v - 14 poisoned darts
 x - a curare-tipped dart
Armour
 c - a +0 hat (worn)
 e - a +0 kite shield
 i - a +0 cloak (worn)
 k - the +1 leather armour of Makhleb's Approval (worn) {Will+}
   (You found it on level 3 of the Dungeon)

   Will+:     It increases your willpower.
Jewellery
 h - a +6 ring of dexterity (left hand)
 l - a +6 ring of dexterity
 n - a +6 ring of strength (right hand)
 p - a ring of fire {rF+, rC-}
Wands
 y - a wand of flame (20)
Scrolls
 t - a scroll of teleportation
 w - a scroll of enchant armour {unknown}
 z - a scroll of immolation {unknown}
 B - a scroll of identify {unknown}
Potions
 d - a potion of magic
 f - a potion of lignification {unknown}
 g - 3 potions of mutation {unknown}
 j - a potion of attraction {unknown}
 m - a potion of cancellation {unknown}
 r - a potion of haste {unknown}
 s - 2 potions of heal wounds {unknown}
 A - a potion of berserk rage {unknown}


   Skills:
 + Level 2.9 Fighting
 - Level 1.3 Dodging
 - Level 2.1 Stealth
 + Level 4.0 Spellcasting
 + Level 3.1 Conjurations
 + Level 2.8 Summonings
 + Level 3.4 Translocations
 + Level 2.5 Air Magic
 + Level 2.5 Alchemy


You had 6 spell levels left.
You knew the following spells:

 Your Spells              Type           Power      Damage    Failure   Level
a - Magic Dart            Conj           52%        1d5       4%          1
b - Call Imp              Summ           24%        N/A       9%          2
p - Blink                 Tloc           28%        N/A       6%          2
x - Mephitic Cloud        Conj/Alch/Air  11%        N/A       17%         3

Your spell library contained the following spells:

 Spells                   Type           Power      Damage    Failure   Level
 Cigotuvi's Dreadful Rot  Necr/Alch/Air  16%        N/A       13%         2
 Slow                     Hex            12%        N/A       17%         1
 Summon Forest            Summ/Tloc      6%         N/A       78%         5
 Summon Mana Viper        Hex/Summ       7%         N/A       95%         5
 Summon Cactus Giant      Summ           6%         N/A       100%        6


Dungeon Overview and Level Annotations

Branches:
Dungeon (5/15)              Sewer (visited)
 Temple: D:4-7

Altars:
Nemelex Xobeh
Jiyva

Annotations:
D:3 2 transporters, zazaan's ghost, amateur GrFi


Innate Abilities, Weirdness & Mutations

Armour fits poorly on your strangely shaped body.
You have extremely tough skin. (AC +3)
You have a long armoured tail.
You regenerate magic and health when rolling toward enemies. (Rampage Regen)
Armour fits poorly on your massive pseudopods.
Your movements are slightly less encumbered by armour. (ER -2)


Message History

You take 3 damage, and have 17/56 hp.
Casting: Magic Dart (safe; 4% risk of failure)
Confirm with . or Enter, or press ? or * to list all spells.
Aiming: Magic Dart (safe; 4% risk of failure)
Press: ? - help, Shift-Dir - straight line, f/p - water moccasin
Aim: a water moccasin (almost dead, 100% to hit)
You miscast Magic Dart.
You are very lightly contaminated with residual magic.
Nothing appears to happen.
You feel very sick. The water moccasin bites you.
* * * LOW HITPOINT WARNING * * *
You take 5 damage, and have 12/56 hp.
You now have 11/13 mp.
Casting: Magic Dart (safe; 4% risk of failure)
Confirm with . or Enter, or press ? or * to list all spells.
Aiming: Magic Dart (safe; 4% risk of failure)
Press: ? - help, Shift-Dir - straight line, f/p - water moccasin
Aim: a water moccasin (almost dead, 100% to hit)
The magic dart hits the water moccasin but does no damage.
The water moccasin is almost dead.
You feel ready to blink again.
You feel very sick. The water moccasin bites you.
* * * LOW HITPOINT WARNING * * *
You are more poisoned.
The water moccasin poisons you!
The water moccasin bites you but does no damage.
You take 4 damage, and have 8/56 hp.
You closely miss the water moccasin.
The water moccasin is almost dead.
* * * LOW HITPOINT WARNING * * *
You feel very sick.
The water moccasin bites you but does no damage.
You take 2 damage, and have 6/56 hp.
You hit the water moccasin but do no damage.
The water moccasin is almost dead.
* * * LOW HITPOINT WARNING * * *
You feel very sick. The water moccasin bites you.
You die...

#### ## . #.## #. ##.
##.. #### #.## ##..
###.. .....##.## #..#
###....
.........####..###......
##....@S...............
###...####.....##.....
#...# #..ยง.####....
#..## #....# ##... #.#
#....# ##.J .. #....#
#.. #.# #..... #.. .[
......# #.. #......#


You could see a water moccasin.

Levels and vault maps discovered:
D:1:      minmay_arrival_checkered_box, layout_loops_ring
D:2:      layout_rooms, nicolae_ecumenical_oubliette
D:3:      layout_loops_cross, mainiacjoe_overflow_catwalk, gammafunk_ghost_smash
D:4:      layout_loops_corners, portal_sewer_entry_b
D:5:      layout_layer_cave, grunt_ministairs_4, chequers_serial_rivers_micro_d,
          kennysheep_dice

Notes
Turn   | Place    | Note
-------+----------+-------------------------------------------
     0 | D:1      | puppykicker the Armataur Hedge Wizard began the quest for
                  | the Orb.
     0 | D:1      | Reached XP level 1. HP: 14/14 MP: 4/4
    63 | D:1      | Reached skill level 1 in Conjurations
    71 | D:1      | Identified a +0 dagger
    74 | D:1      | Identified a +0 short sword
    76 | D:1      | Reached skill level 1 in Summonings
   104 | D:1      | Reached XP level 2. HP: 15/20 MP: 2/5
   198 | D:1      | Learned a level 2 spell: Blink
   201 | D:1      | Learned a level 2 spell: Call Imp
   346 | D:1      | Identified a +0 whip
   396 | D:1      | Identified a +6 ring of dexterity
   609 | D:1      | Identified a +6 ring of strength
   630 | D:1      | Identified a +0 cloak
   736 | D:2      | Found a faded altar of an unknown god.
   747 | D:2      | Identified a +0 dagger
   839 | D:2      | Prayed at the altar of an unknown god.
   839 | D:2      | Became a worshipper of Jiyva Jiryckuu the Shapeless
   839 | D:2      | Reached * piety under Jiyva
   886 | D:2      | Identified a +0 club
   901 | D:2      | Identified a ring of fire
   911 | D:2      | Reached XP level 3. HP: 27/27 MP: 4/7
  1015 | D:2      | Reached skill level 3 in Spellcasting
  1245 | D:3      | Learned a level 3 spell: Mephitic Cloud
  1270 | D:3      | Identified a +0 dagger
  1270 | D:3      | Identified a +0 robe
  1270 | D:3      | Noticed an ice beast
  1272 | D:3      | Identified a +0 club
  1272 | D:3      | Identified a +0 mace
  1272 | D:3      | Identified a +0 scale mail
  1273 | D:3      | Identified a +0 short sword
  1273 | D:3      | Identified a +0 ring mail
  1274 | D:3      | Identified a +0 dagger
  1274 | D:3      | Identified a +0 robe
  1280 | D:3      | Identified a scroll of revelation
  1281 | D:3      | Identified a scroll of butterflies
  1335 | D:3      | Identified a -4 spear
  1360 | D:3      | Reached XP level 4. HP: 34/34 MP: 8/8
  1370 | D:3      | Reached skill level 1 in Fighting
  1370 | D:3      | Reached skill level 2 in Translocations
  1401 | D:3      | Reached ** piety under Jiyva
  1403 | D:3      | Found a sparkling altar of Nemelex Xobeh.
  1412 | D:3      | Identified 2 scrolls of teleportation
  1510 | D:3      | Identified a +0 dagger
  1568 | D:3      | Found a transporter.
  1569 | D:3      | Identified a +7 dire flail
  1569 | D:3      | Noticed an ogre
  1571 | D:3      | Noticed zazaan's ghost (amateur GrFi)
  1571 | D:3      | Identified a +0 giant club
  1571 | D:3      | Noticed an ogre
  1578 | D:3      | Identified a +0 kite shield
  1588 | D:3      | Found a transporter.
  1673 | D:3      | Identified a +2 dagger of speed
  1712 | D:3      | Identified the +1 leather armour of Makhleb's Approval
                  | {Will+}
  1953 | D:4      | Reached XP level 5. HP: 40/40 MP: 9/9
  1989 | D:4      | Reached skill level 1 in Air Magic
  1989 | D:4      | Reached skill level 1 in Alchemy
  2003 | D:4      | Reached skill level 2 in Conjurations
  2027 | D:4      | Found a glowing drain.
  2027 | D:4      | Identified a +0 club
  2036 | D:4      | Identified a -4 spear
  2040 | D:4      | Identified a +0 giant spiked club
  2040 | D:4      | Noticed an ogre
  2054 | D:4      | Killed an ogre
  2055 | D:4      | Reached skill level 2 in Summonings
  2055 | D:4      | Reached XP level 6. HP: 48/48 MP: 9/11
  2076 | Sewer    | Entered a sewer
  2082 | Sewer    | Reached *** piety under Jiyva
  2094 | Sewer    | Identified a +0 short sword
  2094 | Sewer    | Identified a +0 short sword
  2147 | Sewer    | Identified a +0 club
  2147 | Sewer    | Identified a +0 dagger of venom
  2166 | Sewer    | Identified a +0 dagger
  2177 | Sewer    | Identified a +0 short sword
  2178 | Sewer    | Reached skill level 2 in Fighting
  2179 | Sewer    | Gained mutation: Armour fits poorly on your pseudopods.
                  | [Jiyva's grace]
  2179 | Sewer    | Gained mutation: Armour fits poorly on your large
                  | pseudopods. [Jiyva's grace]
  2179 | Sewer    | Gained mutation: Armour fits poorly on your massive
                  | pseudopods. [Jiyva's grace]
  2179 | Sewer    | Gained mutation: Your movements are slightly less
                  | encumbered by armour. (ER -2) [Jiyva's grace]
  2187 | Sewer    | Identified a +0 whip
  2231 | Sewer    | Identified a +0 whip
  2231 | Sewer    | Identified a +0 club
  2231 | Sewer    | Identified a +0 dagger
  2231 | Sewer    | Identified a +0 dagger
  2231 | Sewer    | Identified a +0 whip
  2231 | Sewer    | Identified a +0 short sword
  2241 | Sewer    | Identified a +0 robe
  2250 | Sewer    | Gained mutation: You regenerate magic and health when
                  | rolling toward enemies. (Rampage Regen) [Armataur growth]
  2250 | Sewer    | Reached XP level 7. HP: 40/55 MP: 12/12
  2416 | D:4      | Identified a +0 club
  2416 | D:4      | Identified a +0 sling
  2432 | D:4      | Reached skill level 2 in Air Magic
  2449 | D:4      | Reached skill level 3 in Translocations
  2449 | D:4      | Reached skill level 2 in Alchemy
  2770 | D:4      | Reached **** piety under Jiyva
  2969 | D:5      | Entered Level 5 of the Dungeon
  2977 | D:5      | Identified a +0 mace
  3028 | D:5      | Identified a +0 club
  3082 | D:5      | Identified a scarf of harm
  3126 | D:5      | Reached skill level 4 in Spellcasting
  3126 | D:5      | Reached skill level 3 in Conjurations
  3165 | D:5      | HP: 14/56 [poisoned by a water moccasin]
  3167 | D:5      | HP: 6/56 [poisoned by a water moccasin]
  3168 | D:5      | Slain by a water moccasin

Table legend: (Time is in decaauts)
 A = Elapsed time spent in this place.
 B = Non-inter-level travel time spent in this place.
 C = Inter-level travel time spent in this place.
 D = Time resting spent in this place.
 E = Time spent auto-exploring this place.
 F = Levels seen in this place.
 G = Mean time per level.
                   A        B        C        D        E       F      G
               +--------+--------+--------+--------+--------+-----+--------+
         Total |   3149 |   3014 |    135 |    255 |   1938 |   6 |  524.8 |
       Dungeon |   2935 |   2800 |    135 |    255 |   1856 |   5 |  587.0 |
         Sewer |    214 |    214 |      0 |      0 |     82 |   1 |  214.0 |
               +--------+--------+--------+--------+--------+-----+--------+

Top non-repeatable levels by time:
     D:4: 861 daAuts
     D:1: 753 daAuts
     D:3: 602 daAuts
     D:2: 520 daAuts
   Sewer: 214 daAuts
     D:5: 198 daAuts

Table legend:
 A = Kills in this place as a percentage of kills in the entire game.
 B = Kills by you in this place as a percentage of kills by you in the entire game.
 C = Kills by friends in this place as a percentage of kills by friends in the entire game.
 D = Other kills in this place as a percentage of other kills in the entire game.
 E = Experience gained in this place as a percentage of experience gained in the entire game.
 F = Experience gained in this place divided by the number of levels of this place that you have seen.
                   A       B       C       D       E      F
               +-------+-------+-------+-------+-------+----------------------
         Total | 100.0 | 100.0 |   N/A | 100.0 | 100.0 | 225.2
       Dungeon |  76.6 |  75.7 |   N/A | 100.0 |  72.6 | 196.2
         Sewer |  23.4 |  24.3 |   N/A |   0.0 |  27.4 | 370.0
               +-------+-------+-------+-------+-------+----------------------

Skill      XL: |  1  2  3  4  5  6  7 |
---------------+----------------------+-----
Conjurations   | 1 2 3 |  3.1
Summonings     | 1 2 |  2.8
Spellcasting   | 3 4 |  4.0
Fighting       | 1 2 |  2.9
Translocations | 2 3 |  3.4
Air Magic      | 1 2 |  2.5
Alchemy        | 1 2 |  2.5
Dodging        | |  1.3
Stealth        | |  2.1

Action                     |  1- 3 |  4- 6 |  7- 9 || total
---------------------------+-------+-------+-------++-------
  Melee: Dagger            |    42 |    85 |    67 ||   194
         Tailslap          |    10 |    18 |    12 ||    40
         Punch             |     1 |     1 |       ||     2
         Short sword       |    12 |       |       ||    12
         Whip              |    16 |    29 |       ||    45
         Pseudopods        |       |     3 |    12 ||    15
  Throw: Boomerang         |     4 |       |       ||     4
         Javelin           |     5 |       |       ||     5
   Cast: Magic Dart        |    32 |    12 |     5 ||    49
         Mephitic Cloud    |     1 |     5 |       ||     6
         Call Imp          |     1 |     1 |       ||     2
         Blink             |       |       |     1 ||     1
    Use: Scroll            |     2 |     2 |       ||     4
   Stab: Sleeping          |       |     1 |     1 ||     2
         Confused          |       |     2 |       ||     2
         Distracted        |       |     2 |       ||     2
 Armour: Robe              |    62 |    21 |       ||    83
         Leather armour    |       |    38 |    57 ||    95
  Dodge: Dodged            |    54 |    37 |    31 ||   122

Vanquished Creatures
  An ice beast (D:5)
  A black bear (D:4)
  An ogre (D:4)
  2 bullfrogs
  4 kobold brigands (Sewer)
  3 bombardier beetles
  2 iguanas (D:4)
  2 orc wizards (D:3)
  3 adders
  2 river rats (D:4)
  4 dart slugs
  4 orcs
  3 bats
  3 giant cockroaches
  5 goblins
  3 hobgoblins
  4 jackals (D:1)
  12 kobolds
  3 quokkas
  5 ball pythons
  4 frilled lizards
  6 rats
77 creatures vanquished.

Vanquished Creatures (others)
  2 scorpions
  A howler monkey (D:5)
  A jelly (D:5)
  An orc priest (D:4)
  An orc wizard (D:4)
  3 adders
  A dart slug (D:2)
  An endoplasm (D:4)
  3 orcs
  4 bats
  A hobgoblin (D:3)
  2 quokkas (D:5)
  3 ball pythons
  6 kobolds
  3 rats
33 creatures vanquished.

Grand Total: 110 creatures vanquished
